 Dungeon Crawl Stone Soup version 0.30.0-29-ga12c61a403 (webtiles) character file.

Game seed: 17693276299096848734

110983 qw the Peltast (level 16, -7/101 HPs)
             Began as a Gargoyle Fighter on June 2, 2023.
             Was an Elder of Okawaru.
             Blown up by an orb spider (43 damage)
             ... with an orb of destruction
             ... on level 2 of the Spider Nest.
             The game lasted 00:15:09 (26483 turns).

qw the Peltast (Gargoyle Fighter)                  Turns: 26483, Time: 00:15:09

Health: -7/101     AC: 43    Str: 27    XL:     16   Next: 56%
Magic:  22/23      EV: 13    Int:  8    God:    Okawaru [****..]
Gold:   983        SH: 28    Dex: 12    Spells: 15/15 levels left

rFire   x . .        E - +1 broad axe (flame)
rCold   + + .        n - +2 tower shield
rNeg    + . .        t - +6 ice dragon scales of Gluttony {rElec rF- rC++}
rPois   inf          w - +1 helmet
rElec   +            b - +0 cloak
rCorr   .            u - +2 pair of gloves
SInv    +            G - +0 pair of boots
Will    ++...        D - amulet of reflection
Stlth   +            s - ring "Iptaogha" {rPois Will+ Dex+3 Slay+4}
HPRegen 0.36/turn    h - ring of see invisible
MPRegen 0.18/turn

%: reflection
@: about to teleport, heroic, flying
A: sickness immunity, AC +12, big wings, negative energy resistance 1,
electricity resistance, torment resistance 1, petrification resistance, dopey 1
a: Renounce Religion, Heroism, Finesse


You were on level 2 of the Spider Nest.
You worshipped Okawaru.
Okawaru was greatly pleased with you.
You visited 5 branches of the dungeon, and saw 25 of its levels.
You visited the Abyss 1 time.
You also visited: Gauntlet.

You collected 2664 gold pieces.
You spent 1681 gold pieces at shops.


Innate Abilities, Weirdness & Mutations

You are immune to sickness and miasma.
Your stone body is resilient. (AC +12)
You are immune to poison.
Your large and strong wings let you fly.
You resist negative energy. (rN+)
You are resistant to electric shocks. (rElec)
You are resistant to unholy torment.
You are immune to petrification.
You are dopey. (Int -2)


   Skills:
 - Level 12.0(17.0) Fighting
 - Level 16.0(21.0) Axes
 - Level 6.1(11.1) Throwing
 + Level 10.7(15.7) Armour
 - Level 4.0(9.0) Dodging
 - Level 16.9(21.9) Shields
 - Level 10.0 Invocations


You had 15 spell levels left.
You didn't know any spells.
Your spell library was empty.

Inventory:

Hand Weapons
 E - a +1 broad axe of flaming (weapon)
Missiles
 m - 20 boomerangs
 y - 2 javelins (quivered)
Armour
 b - a +0 cloak (worn)
 n - a +2 tower shield (worn)
 o - the +3 chain mail of the Catfish {rElec rC+ Str+2}
   (You found it on level 11 of the Dungeon)

   Str:       It affects your strength (+2).
   rC:        It protects you from cold.
   rElec:     It insulates you from electricity.
 t - the +6 ice dragon scales of Gluttony (worn) {rElec rF- rC++}
   (You took it off a minotaur in a Gauntlet)

   rF:        It makes you vulnerable to fire.
   rC:        It greatly protects you from cold.
   rElec:     It insulates you from electricity.
 u - a +2 pair of gloves (worn)
 w - a +1 helmet (worn)
 A - the +0 leather armour of Summertime {rF+ rCorr MP+9 Str+3}
   (You found it on level 1 of the Lair of Beasts)

   Str:       It affects your strength (+3).
   rF:        It protects you from fire.
   MP:        It affects your magic capacity (+9).
   rCorr:     It protects you from acid and corrosion.
 B - a +1 plate armour of fire resistance
 F - +0 acid dragon scales
 G - a +0 pair of boots (worn)
Jewellery
 h - a ring of see invisible (right hand)
 p - a +6 ring of dexterity
 s - the ring "Iptaogha" (left hand) {rPois Will+ Dex+3 Slay+4}
   (You found it on level 1 of the Spider Nest)

   [ring of slaying]

   Dex:       It affects your dexterity (+3).
   Slay:      It affects your accuracy & damage with ranged weapons and melee
   (+4).
   rPois:     It protects you from poison.
   Will:      It increases your willpower.
 x - a ring of resist corrosion
 z - a ring of fire
 D - an amulet of reflection (around neck)
 Y - a ring of protection from fire
Wands
 q - a wand of digging (4)
Scrolls
 a - 15 scrolls of identify
 f - 5 scrolls of teleportation
Potions
 c - a potion of heal wounds
 d - 8 potions of might
 e - 7 potions of curing
 g - a potion of cancellation
 i - a potion of magic
 j - 6 potions of haste
 k - 2 potions of attraction
 l - a potion of resistance
 r - 4 potions of lignification
 v - 8 potions of mutation

Dungeon Overview and Level Annotations

Branches:
Dungeon (15/15)            Temple (1/1) D:7            Lair (5/5) D:11
  Swamp (0/4) Lair:3       Spider (2/4) Lair:2        Slime (0/5) Lair:5
    Orc (2/2) D:11            Elf (0/3) Orc:2        Vaults (0/5) D:14
 Depths (0/4) D:15        Gauntlet (visited)

Altars:
Ashenzari
Cheibriados
Dithmenos
Elyvilon
Fedhas
Gozag
Hepliaklqana
Kikubaaqudgha
Makhleb
Nemelex Xobeh
Okawaru
Qazlal
Ru
Sif Muna
Trog
Uskayaw
Vehumet
Wu Jian
Xom
Yredelemnul
Zin
The Shining One
Jiyva
Lugonu

Shops:
D:2 :   D:5 =   D:9 (   Orc:1 :   Orc:2 ![*

Portals:
Abyss: D:6
Trove: D:12 (give +9 ring of evasion)

Annotations:
D:6 2 runed translucent doors, qw's ghost, novice GrFi
D:7 2 runed translucent doors, qw's ghost, novice GrFi
D:11 3 runed translucent doors, Tsarbomb's ghost, journeyman DsGl
Lair:1 2 transporters, 1 runed translucent door, Bukhlaj's ghost, journeyman HOFi
Lair:5 1 runed translucent door


Message History

You block the wolf spider's attack. x2
The pharaoh ant bites you but does no damage.
You hit the pharaoh ant but do no damage.
The pharaoh ant is moderately damaged.
You closely miss the wolf spider. You block the wolf spider's attack. x2
The wolf spider hits you but does no damage.
The wolf spider bites you but does no damage.
You block the pharaoh ant's attack.
You closely miss the pharaoh ant.
The pharaoh ant is moderately damaged.
You barely miss the wolf spider.
You block the wolf spider's attack. x2; The pharaoh ant bites you!
You hit the pharaoh ant. You burn the pharaoh ant.
The pharaoh ant is heavily damaged.
You completely miss the wolf spider. You block the wolf spider's attack. x3
The wolf spider bites you but does no damage.
The pharaoh ant bites you but does no damage.
You slice the pharaoh ant!! You burn the pharaoh ant.
You destroy the pharaoh ant!
Okawaru accepts your kill.
You can now speed up your combat.
The pharaoh ant binds the souls of nearby monsters.
You slash the wolf spider! You burn the wolf spider.
You block the wolf spider's attack. The wolf spider misses you.
You slice the wolf spider!! You burn the wolf spider!
The wolf spider is almost dead.
The wolf spider hits you! You block the wolf spider's attack. x2
The wolf spider bites you but does no damage.
The orb spider weaves a glowing orb of energy.
An orb of destruction comes into view.
26482 ||| READING 6 scrolls of teleportation.
As you read the scroll of teleportation, it crumbles to dust.
You feel strangely unstable.
You block the wolf spider's attack. x2; The wolf spider barely misses you.
You block the wolf spider's attack.
26483 ||| DRINKING 2 potions of heal wounds.
You feel much better. The orb of destruction hits you!!!
You die...

#........###
#....#.###.# ####...
#....###...# .^....#
#...##.....## ###....(..
............###.#......
...#.........#..#^s..#
...#.......>##...0..##..
...#.....#.##....0..^...
...#^....###....@.!.....
...########......s......
...##.#...##.........>..
####.....<#..##.:...>...
..###....^#...###?.#....
:##.#.........#.####....
....##.....#.^..# ...
...###.....##...# ##
..##.##....###..#


You could see a wolf spider (berserk, soul bound) and an orb spider (soul
bound).

Vanquished Creatures
  Jorgrun (D:14)
  A tentacled starspawn (Abyss:2)
  Agnes (D:15)
  Louise (Spider:1)
  An orc warlord (Orc:1)
  Nessos (D:14)
  5 dire elephants
  3 spark wasps (Spider:1)
  Azrael (D:14)
  Snorg (Orc:1)
  A minotaur (Gauntlet)
  An entropy weaver (Spider:1)
  Josephine (Spider:1)
  A great orb of eyes (D:15)
  An ogre mage (D:14)
  Erolcha (D:13)
  3 hydras
  2 catoblepae
  9 two-headed ogres
  5 death yaks (Lair:5)
  4 centaur warriors
  2 boulder beetles
  A tengu warrior (D:10)
  Urug (Lair:5)
  A skyshark (shapeshifter) (D:14)
  2 skysharks
  2 sun moths
  2 pharaoh ants (Spider:2)
  A spectral death yak (Lair:5)
  2 orb spiders
  A spectral anaconda (Lair:5)
  An obsidian statue (Lair:5)
  2 bog bodies (Lair:3)
  A deep elf archer (D:14)
  A lindwurm (Lair:4)
  A wizard (D:14)
  A steelbarb worm (Spider:2)
  4 necromancers (Lair:5)
  An orc knight (D:15)
  9 ugly things
  3 deep elf pyromancers
  5 wolf spiders
  10 orc sorcerers (Orc:2)
  3 moths of wrath
  7 oklob plants
  2 cyclopes
  13 elephants
  8 black mambas
  A manticore (D:15)
  Maurice (D:8)
  A black mamba (shapeshifter) (D:15)
  3 demonic crawlers
  Joseph (D:9)
  8 cane toads
  Maggie (D:10)
  3 gargoyles
  3 torpor snails
  5 rime drakes
  3 komodo dragons
  A dire elephant skeleton (Lair:5)
  4 yaktaurs (D:12)
  An unseen horror (D:10)
  2 kobold demonologists
  2 ice devils (Lair:2)
  2 efreet (D:15)
  3 polar bears
  9 tarantellas
  10 trolls
  Prince Ribbit (D:8)
  8 blink frogs (Lair:3)
  A tyrant leech (D:13)
  22 slime creatures
  6 jumping spiders
  9 wraiths
  3 culicivoras
  37 yaks
  A dire elephant simulacrum (Lair:5)
  4 wyverns
  Eustachio (D:4)
  4 fire elementals (D:14)
  11 redbacks
  A redback (shapeshifter) (D:14)
  4 vampire mosquitoes (D:12)
  2 steam dragons
  6 wargs (Orc:2)
  3 swamp worms (D:13)
  5 acid dragons
  2 hell hounds (D:14)
  10 water moccasins
  Duvessa (D:7)
  Pargi (D:4)
  14 orc warriors
  A black bear (D:6)
  2 ice beasts
  3 elephant zombies (Lair:5)
  10 centaurs
  3 ogres
  19 wolves
  An elephant skeleton (Lair:5)
  Blork the orc (D:5)
  4 kobold brigands
  10 bullfrogs
  5 scorpions
  7 wights
  Dowan (D:7)
  An elephant simulacrum (Lair:5)
  9 killer bees
  7 howler monkeys
  3 electric eels (Lair:3)
  A lava snake (Lair:3)
  A jelly (D:4)
  18 orc priests
  3 hounds
  2 sleepcaps
  2 iguanas
  45 orc wizards
  8 adders
  11 gnolls
  3 shadow imps
  2 white imps
  4 worms
  A dart slug (D:4)
  87 orcs
  7 ball pythons
  4 endoplasms
  4 giant cockroaches
  8 goblins
  8 hobgoblins
  5 quokkas
  8 bats
  2 frilled lizards
  12 kobolds
  7 rats
  2 lurking horrors (D:6)
  A spectral weapon (D:13)
  2 starspawn tentacles (Abyss:2)
698 creatures vanquished.

Vanquished Creatures (others)
  A deep elf pyromancer (D:15)
  An orc wizard (Orc:2)
2 creatures vanquished.

Grand Total: 700 creatures vanquished

Notes
Turn   | Place    | Note
-------+----------+-------------------------------------------
     0 | D:1      | qw the Gargoyle Fighter began the quest for the Orb.
     0 | D:1      | Reached XP level 1. HP: 14/14 MP: 1/1
     0 | D:1      | 0 ||| qw: Version: 0.2-a-102-gdf20003
     0 | D:1      | 0 ||| qw: Game counter: 939
     0 | D:1      | 0 ||| qw: Always use a shield: true
     0 | D:1      | 0 ||| qw: God list: Okawaru
     0 | D:1      | 0 ||| qw: Allow faded altars: false
     0 | D:1      | 0 ||| qw: Do Orc after D:15 true
     0 | D:1      | 0 ||| qw: Do second Lair branch before Depths: true
     0 | D:1      | 0 ||| qw: Lair rune preference: random
     0 | D:1      | 0 ||| qw: Plans: Normal, Zot:1-4, Slime:5, God:TSO, Crypt,
                  | Tomb, Pan, Hells, Abyss, Win
     0 | D:1      | 0 ||| PLANNING D:1-11
    22 | D:1      | 22 ||| Stepping ~*~*~tactically~*~*~ (stealth).
   171 | D:1      | Reached XP level 2. HP: 19/19 MP: 2/2
   232 | D:1      | 232 ||| DROPPING +0 club.
   289 | D:1      | 289 ||| Stepping ~*~*~tactically~*~*~ (stealth).
   324 | D:1      | 324 ||| DROPPING +0 whip.
   661 | D:1      | 661 ||| UPGRADING to +0 helmet.
   666 | D:1      | 666 ||| UPGRADING to +0 chain mail.
   676 | D:1      | 676 ||| DROPPING +0 scale mail.
   677 | D:1      | 677 ||| DROPPING ring of magical power.
   678 | D:1      | 678 ||| READING 2 scrolls labelled ODGHEU LOSIFA.
   679 | D:1      | 679 ||| READING 2 scrolls labelled TUZUZE IRATS.
   680 | D:1      | 680 ||| READING scroll labelled MUMANNIUZE.
   681 | D:1      | 681 ||| READING scroll labelled ENUZXEXZ QOZY.
   690 | D:1      | 690 ||| DROPPING scroll of poison.
   739 | D:2      | Reached skill level 3 in Axes
   739 | D:2      | Reached XP level 3. HP: 23/23 MP: 3/3
   975 | D:2      | Found Kezxagae's Book Shop.
   989 | D:2      | 989 ||| Stepping ~*~*~tactically~*~*~ (stealth).
   990 | D:2      | 990 ||| Stepping ~*~*~tactically~*~*~ (stealth).
   991 | D:2      | 991 ||| Stepping ~*~*~tactically~*~*~ (stealth).
  1135 | D:2      | 1135 ||| Stepping ~*~*~tactically~*~*~ (stealth).
  1198 | D:2      | 1198 ||| UPGRADING to +0 cloak.
  1203 | D:2      | 1203 ||| READING 2 scrolls labelled CIASHR JESOMA.
  1207 | D:2      | 1207 ||| READING scroll labelled WUHIRA MEIRAUNKYUX.
  1208 | D:2      | 1208 ||| READING 2 scrolls of identify.
  1208 | D:2      | 1208 ||| IDENTIFYING metallic pink potion
  1253 | D:3      | Reached XP level 4. HP: 28/28 MP: 4/4
  1420 | D:3      | 1420 ||| DROPPING +2 whip of draining.
  1816 | D:3      | 1816 ||| READING 2 scrolls labelled ZAZXUODWOU.
  1817 | D:3      | 1817 ||| READING 6 scrolls of identify.
  1817 | D:3      | 1817 ||| IDENTIFYING blue potion
  1818 | D:3      | 1818 ||| READING 5 scrolls of identify.
  1818 | D:3      | 1818 ||| IDENTIFYING amethyst potion
  1819 | D:3      | 1819 ||| READING 4 scrolls of identify.
  1819 | D:3      | 1819 ||| IDENTIFYING dark potion
  1820 | D:3      | 1820 ||| READING 3 scrolls of identify.
  1820 | D:3      | 1820 ||| IDENTIFYING ruby potion
  1821 | D:3      | 1821 ||| READING 2 scrolls of identify.
  1821 | D:3      | 1821 ||| IDENTIFYING bubbling yellow potion
  1822 | D:3      | 1822 ||| DROPPING potion of brilliance.
  1823 | D:3      | 1823 ||| DROPPING potion of ambrosia.
  1824 | D:3      | 1824 ||| DROPPING scroll of immolation.
  1950 | D:4      | 1950 ||| Stepping ~*~*~tactically~*~*~ (stealth).
  1956 | D:4      | Reached XP level 5. HP: 32/32 MP: 5/5
  1960 | D:4      | Noticed Eustachio
  1976 | D:4      | Killed Eustachio
  1977 | D:4      | Reached XP level 6. HP: 15/37 MP: 6/6
  2103 | D:4      | 2103 ||| Stepping ~*~*~tactically~*~*~ (stealth).
  2228 | D:4      | Found a sparkling altar of Nemelex Xobeh.
  2284 | D:4      | 2284 ||| Stepping ~*~*~tactically~*~*~ (stealth).
  2285 | D:4      | 2285 ||| Stepping ~*~*~tactically~*~*~ (stealth).
  2799 | D:4      | Noticed Pargi
  2822 | D:4      | Killed Pargi
  2966 | D:4      | 2966 ||| READING 3 scrolls of identify.
  2966 | D:4      | 2966 ||| IDENTIFYING purple potion
  2991 | D:5      | Entered Level 5 of the Dungeon
  3001 | D:5      | Reached skill level 6 in Axes
  3014 | D:5      | Reached XP level 7. HP: 44/44 MP: 7/7
  3015 | D:5      | 3015 ||| Stepping ~*~*~tactically~*~*~ (hiding).
  3017 | D:5      | 3017 ||| Stepping ~*~*~tactically~*~*~ (hiding).
  3019 | D:5      | 3019 ||| Stepping ~*~*~tactically~*~*~ (hiding).
  3020 | D:5      | 3020 ||| Stepping ~*~*~tactically~*~*~ (hiding).
  3025 | D:5      | Reached skill level 1 in Dodging
  3030 | D:5      | 3030 ||| DRINKING potion of curing.
  3030 | D:5      | 3030 ||| (to cure confusion)
  3083 | D:5      | 3083 ||| FLEEEEING.
  3084 | D:5      | 3084 ||| STAIRDANCE
  3145 | D:5      | 3145 ||| STAIRDANCE
  3275 | D:5      | 3275 ||| READING scroll of enchant weapon.
  3275 | D:5      | 3275 ||| ENCHANTING +1 war axe.
  3291 | D:5      | 3291 ||| Stepping ~*~*~tactically~*~*~ (stealth).
  3294 | D:5      | 3294 ||| Stepping ~*~*~tactically~*~*~ (hiding).
  3296 | D:5      | Noticed Blork the orc
  3305 | D:5      | 3305 ||| Stepping ~*~*~tactically~*~*~ (hiding).
  3320 | D:5      | Killed Blork the orc
  3368 | D:5      | 3368 ||| Stepping ~*~*~tactically~*~*~ (stealth).
  3372 | D:5      | 3372 ||| Stepping ~*~*~tactically~*~*~ (stealth).
  3374 | D:5      | 3374 ||| Stepping ~*~*~tactically~*~*~ (stealth).
  3404 | D:5      | 3404 ||| Stepping ~*~*~tactically~*~*~ (hiding).
  3405 | D:5      | 3405 ||| Stepping ~*~*~tactically~*~*~ (hiding).
  3406 | D:5      | 3406 ||| Stepping ~*~*~tactically~*~*~ (hiding).
  3418 | D:5      | 3418 ||| Stepping ~*~*~tactically~*~*~ (stealth).
  3477 | D:5      | Reached skill level 1 in Throwing
  3477 | D:5      | Reached XP level 8. HP: 34/49 MP: 8/8
  3492 | D:5      | 3492 ||| Stepping ~*~*~tactically~*~*~ (stealth).
  3507 | D:5      | 3507 ||| Stepping ~*~*~tactically~*~*~ (stealth).
  3508 | D:5      | 3508 ||| Stepping ~*~*~tactically~*~*~ (stealth).
  3727 | D:5      | Found Maimit's One-of-a-Kind Rings.
  3732 | D:5      | 3732 ||| BUYING +1 ring of slaying (66 gold).
  3732 | D:5      | Bought a +1 ring of slaying for 66 gold pieces
  3732 | D:5      | 3732 ||| BUYING +2 ring of protection (110 gold).
  3732 | D:5      | Bought a +2 ring of protection for 110 gold pieces
  3732 | D:5      | 3732 ||| SHOPLISTING +3 ring of evasion (110 gold, have
                  | 71).
  3732 | D:5      | 3732 ||| SHOPLISTING +7 ring of protection (1138 gold, have
                  | 71).
  3732 | D:5      | 3732 ||| SHOPLISTING +8 ring of slaying (2200 gold, have
                  | 71).
  3732 | D:5      | 3732 ||| SHOPLISTING +9 ring of dexterity (858 gold, have
                  | 71).
  3732 | D:5      | 3732 ||| SHOPLISTING +9 ring of evasion (1138 gold, have
                  | 71).
  3732 | D:5      | 3732 ||| SHOPLISTING ring "Caar" {rN+ AC+4 Str+2 Dex+4}
                  | (657 gold, have 71).
  3843 | D:5      | 3843 ||| Stepping ~*~*~tactically~*~*~ (hiding).
  3845 | D:5      | 3845 ||| Stepping ~*~*~tactically~*~*~ (hiding).
  3918 | D:5      | 3918 ||| UPGRADING to +1 ring of slaying {mikee}.
  3919 | D:5      | 3919 ||| UPGRADING to +2 ring of protection.
  3957 | D:6      | 3957 ||| FLEEEEING.
  3958 | D:6      | 3958 ||| STAIRDANCE
  4076 | D:6      | 4076 ||| STAIRDANCE
  4111 | D:6      | Found a corrupted altar of Lugonu.
  4114 | D:6      | Found a one-way gate to the infinite horrors of the Abyss.
  4135 | D:6      | Found an opulent altar of Gozag.
  4158 | D:6      | 4158 ||| Stepping ~*~*~tactically~*~*~ (hiding).
  4206 | D:6      | 4206 ||| READING scroll of enchant weapon.
  4206 | D:6      | 4206 ||| ENCHANTING +2 war axe.
  4228 | D:6      | Found a glowing silver altar of Zin.
  4291 | D:6      | Found a large runed translucent door.
  4292 | D:6      | Found a large runed translucent door.
  4294 | D:6      | Noticed qw's ghost (novice GrFi)
  4620 | D:6      | Reached skill level 6 in Fighting
  4654 | D:6      | 4654 ||| Stepping ~*~*~tactically~*~*~ (stealth).
  4747 | D:6      | Reached XP level 9. HP: 56/56 MP: 9/9
  4793 | D:6      | 4793 ||| Stepping ~*~*~tactically~*~*~ (stealth).
  4798 | D:6      | 4798 ||| Stepping ~*~*~tactically~*~*~ (stealth).
  4853 | D:6      | 4853 ||| Stepping ~*~*~tactically~*~*~ (stealth).
  5022 | D:6      | 5022 ||| UPGRADING to +1 pair of gloves.
  5027 | D:6      | 5027 ||| READING scroll labelled ZURRAO YKUHEPI.
  5028 | D:6      | 5028 ||| READING 2 scrolls of identify.
  5028 | D:6      | 5028 ||| IDENTIFYING yellow potion
  5071 | D:7      | Found a staircase to the Ecumenical Temple.
  5072 | D:7      | 5072 ||| PLANNING TEMPLE
  5080 | Temple   | Entered the Ecumenical Temple
  5082 | Temple   | 5082 ||| PLANNING OKAWARU WORSHIP
  5230 | Temple   | Became a worshipper of Warmaster Okawaru
  5230 | Temple   | 5230 ||| PLANNING D:1-11
  5258 | D:7      | You fall into a shaft and drop 2 floors!
  5346 | D:9      | Noticed a two-headed ogre
  5349 | D:9      | Reached skill level 9 in Axes
  5356 | D:9      | Killed a two-headed ogre
  5357 | D:9      | Reached skill level 6 in Shields
  5363 | D:9      | 5363 ||| Stepping ~*~*~tactically~*~*~ (stealth).
  5372 | D:9      | 5372 ||| Stepping ~*~*~tactically~*~*~ (stealth).
  5539 | D:9      | Noticed Joseph
  5544 | D:9      | HP: 14/56 [Joseph/sling bullet (4)]
  5545 | D:9      | 5545 ||| READING 4 scrolls of teleportation.
  5546 | D:9      | 5546 ||| DRINKING 2 potions of heal wounds.
  5640 | D:9      | 5640 ||| READING scroll labelled GIRANA ANNI.
  5641 | D:9      | 5641 ||| READING scroll labelled AFEMNE QARULOU.
  5773 | D:8      | 5773 ||| DRINKING potion of curing.
  5773 | D:8      | 5773 ||| (to cure confusion)
  5792 | D:8      | Reached * piety under Okawaru
  5845 | D:8      | 5845 ||| INVOKING Heroism.
  5932 | D:7      | Found a large runed translucent door.
  5933 | D:7      | Found a large runed translucent door.
  5936 | D:7      | Noticed qw's ghost (novice GrFi)
  5945 | D:7      | Reached skill level 1 in Invocations
  6118 | D:7      | Noticed Duvessa
  6119 | D:7      | 6119 ||| INVOKING Heroism.
  6122 | D:7      | Noticed Dowan
  6123 | D:7      | Killed Duvessa
  6124 | D:7      | Reached XP level 10. HP: 63/63 MP: 8/11
  6130 | D:7      | Killed Dowan
  6545 | D:7      | Reached skill level 3 in Invocations
  6774 | D:7      | 6774 ||| UPGRADING to +0 kite shield.
  6784 | D:7      | 6784 ||| DROPPING +0 buckler.
  6785 | D:7      | 6785 ||| UPGRADING to +6 ring of dexterity.
  6787 | D:7      | 6787 ||| DROPPING +1 ring of slaying {mikee}.
  6788 | D:7      | 6788 ||| DRINKING 2 red potions.
  6788 | D:7      | Gained mutation: You are dopey. (Int -2) [potion of
                  | mutation]
  6804 | D:8      | 6804 ||| Stepping ~*~*~tactically~*~*~ (stealth).
  6806 | D:8      | 6806 ||| Stepping ~*~*~tactically~*~*~ (stealth).
  6809 | D:8      | Noticed Prince Ribbit
  6827 | D:8      | Killed Prince Ribbit
  6992 | D:8      | Found an iron altar of Okawaru.
  6996 | D:8      | 6996 ||| INVOKING Heroism.
  7187 | D:8      | Noticed Maurice
  7188 | D:8      | 7188 ||| Stepping ~*~*~tactically~*~*~ (hiding).
  7193 | D:8      | 7193 ||| INVOKING Heroism.
  7203 | D:8      | Killed Maurice
  7207 | D:8      | 7207 ||| INVOKING Heroism.
  7264 | D:8      | 7264 ||| READING scroll labelled HIOCUDEINO.
  7397 | D:9      | Noticed a two-headed ogre
  7398 | D:9      | 7398 ||| INVOKING Heroism.
  7407 | D:9      | Killed a two-headed ogre
  7407 | D:9      | Reached ** piety under Okawaru
  7413 | D:9      | Killed Joseph
  7414 | D:9      | Reached skill level 9 in Shields
  7483 | D:9      | Found a basalt altar of Yredelemnul.
  7487 | D:9      | 7487 ||| DRINKING potion of curing.
  7487 | D:9      | 7487 ||| (to cure confusion)
  7498 | D:9      | Noticed a centaur warrior
  7510 | D:9      | 7510 ||| Stepping ~*~*~tactically~*~*~ (stealth).
  7511 | D:9      | 7511 ||| READING scroll labelled QEAWNYTIDU.
  7512 | D:9      | 7512 ||| READING 2 scrolls labelled QIOSINKIST.
  7513 | D:9      | 7513 ||| READING scroll of brand weapon.
  7513 | D:9      | 7513 ||| BRANDING +3 war axe of freezing.
  7515 | D:9      | Noticed a kobold demonologist
  7540 | D:9      | 7540 ||| INVOKING Heroism.
  7544 | D:9      | Killed a kobold demonologist
  7554 | D:9      | Reached skill level 6 in Armour
  7573 | D:9      | 7573 ||| INVOKING Heroism.
  7575 | D:9      | Reached XP level 11. HP: 64/68 MP: 11/14
  7618 | D:9      | 7618 ||| INVOKING Heroism.
  7624 | D:9      | Killed a centaur warrior
  7624 | D:9      | Reached *** piety under Okawaru
  7660 | D:9      | 7660 ||| INVOKING Heroism.
  7805 | D:9      | Found Osisub's Weapon Emporium.
  7978 | D:9      | 7978 ||| UPGRADING to +0 plate armour.
  7988 | D:9      | 7988 ||| DROPPING +0 chain mail.
  7989 | D:9      | 7989 ||| READING 2 scrolls of identify.
  7989 | D:9      | 7989 ||| IDENTIFYING fizzy golden potion
  8014 | D:10     | Entered Level 10 of the Dungeon
  8057 | D:10     | Noticed a tengu warrior
  8078 | D:10     | 8078 ||| INVOKING Heroism.
  8080 | D:10     | Killed a tengu warrior
  8338 | D:10     | 8338 ||| INVOKING Heroism.
  8340 | D:10     | Noticed a soul eater
  8406 | D:10     | Received a gift from Okawaru
  8473 | D:10     | Noticed a red ugly thing
  8481 | D:10     | 8481 ||| INVOKING Heroism.
  8481 | D:10     | Noticed Maggie
  8487 | D:10     | Killed a red ugly thing
  8495 | D:10     | Killed Maggie
  8604 | D:10     | Found the +18 Lear's hauberk
  8757 | D:10     | 8757 ||| READING scroll labelled TYOCWA RAENIMP.
  8758 | D:10     | 8758 ||| READING scroll labelled UWKITI OTIB.
  8759 | D:10     | 8759 ||| READING 3 scrolls of identify.
  8759 | D:10     | 8759 ||| IDENTIFYING brown potion
  8760 | D:10     | 8760 ||| DROPPING potion of berserk rage.
  8772 | D:11     | 8772 ||| PLANNING GAUNTLET
  8850 | D:11     | Found a staircase to the Orcish Mines.
  8894 | D:11     | Identified the +3 chain mail of the Catfish {rElec rC+
                  | Str+2}
  8905 | D:11     | Noticed a two-headed ogre
  8906 | D:11     | 8906 ||| INVOKING Heroism.
  8913 | D:11     | Killed a two-headed ogre
  8980 | D:11     | Found a staircase to the Lair.
  8990 | D:11     | 8990 ||| INVOKING Heroism.
  9071 | D:11     | 9071 ||| INVOKING Heroism.
  9122 | D:11     | 9122 ||| INVOKING Heroism.
  9129 | D:11     | Reached skill level 3 in Throwing
  9181 | D:11     | Found a gate leading to a gauntlet.
  9182 | D:11     | 9182 ||| UPGRADING to +3 chain mail of the Catfish {rElec
                  | rC+ Str+2}.
  9192 | D:11     | 9192 ||| DROPPING +0 plate armour.
  9196 | D:11     | Noticed a boulder beetle
  9197 | D:11     | 9197 ||| INVOKING Heroism.
  9210 | D:11     | Killed a boulder beetle
  9211 | D:11     | Reached skill level 3 in Dodging
  9290 | Gauntlet | Entered a Gauntlet
  9290 | Gauntlet | Found a transporter.
  9302 | Gauntlet | Found a transporter.
  9302 | Gauntlet | Found a transporter.
  9303 | Gauntlet | Found a transporter.
  9305 | Gauntlet | Noticed a soul eater
  9311 | Gauntlet | Found a transporter.
  9314 | Gauntlet | Found a transporter.
  9315 | Gauntlet | Found a transporter.
  9317 | Gauntlet | Noticed a wizard
  9318 | Gauntlet | Noticed a wizard
  9324 | Gauntlet | Found a transporter.
  9327 | Gauntlet | Found a transporter.
  9328 | Gauntlet | Found a transporter.
  9336 | Gauntlet | Noticed an orange crystal statue
  9340 | Gauntlet | Found a transporter.
  9340 | Gauntlet | Found a transporter.
  9341 | Gauntlet | Found a transporter.
  9349 | Gauntlet | Found a transporter.
  9411 | Gauntlet | Noticed an oklob plant
  9432 | Gauntlet | 9432 ||| INVOKING Heroism.
  9442 | Gauntlet | Killed an oklob plant
  9442 | Gauntlet | HP: 7/69 [acid dragon/splash of acid (24)]
  9443 | Gauntlet | 9443 ||| DRINKING 2 potions of heal wounds.
  9579 | Gauntlet | Identified the +6 ice dragon scales of Gluttony {rElec rF-
                  | rC++}
  9579 | Gauntlet | Noticed a minotaur
  9580 | Gauntlet | 9580 ||| INVOKING Heroism.
  9594 | Gauntlet | Killed a minotaur
  9595 | Gauntlet | Reached skill level 9 in Fighting
  9595 | Gauntlet | Reached XP level 12. HP: 21/76 MP: 13/15
  9802 | Gauntlet | 9802 ||| UPGRADING to +6 ice dragon scales of Gluttony
                  | {rElec rF- rC++}.
  9828 | D:11     | 9828 ||| PLANNING LAIR
  9867 | Lair:1   | Entered Level 1 of the Lair of Beasts
  9875 | Lair:1   | Found a transporter.
  9879 | Lair:1   | 9879 ||| INVOKING Heroism.
  9922 | Lair:1   | Found a blossoming altar of Fedhas.
  9925 | Lair:1   | 9925 ||| INVOKING Heroism.
 10266 | Lair:1   | Reached **** piety under Okawaru
 10342 | Lair:1   | Found a transporter.
 10352 | Lair:1   | Noticed Bukhlaj's ghost (journeyman HOFi)
 10368 | Lair:1   | 10368 ||| FLEEEEING.
 10369 | Lair:1   | 10369 ||| FLEEEEING.
 10370 | Lair:1   | 10370 ||| FLEEEEING.
 10371 | Lair:1   | 10371 ||| FLEEEEING.
 10371 | Lair:1   | Noticed a four-headed hydra
 10372 | Lair:1   | 10372 ||| FLEEEEING.
 10373 | Lair:1   | 10373 ||| FLEEEEING.
 10374 | Lair:1   | 10374 ||| FLEEEEING.
 10375 | Lair:1   | 10375 ||| FLEEEEING.
 10376 | Lair:1   | 10376 ||| FLEEEEING.
 10377 | Lair:1   | 10377 ||| FLEEEEING.
 10378 | Lair:1   | 10378 ||| FLEEEEING.
 10379 | Lair:1   | 10379 ||| FLEEEEING.
 10380 | Lair:1   | 10380 ||| FLEEEEING.
 10384 | Lair:1   | 10384 ||| FLEEEEING.
 10395 | Lair:1   | 10395 ||| INVOKING Heroism.
 10477 | Lair:1   | Found a runed translucent door.
 10541 | Lair:1   | Identified the +0 leather armour of Summertime {rF+ rCorr
                  | MP+9 Str+3}
 10572 | Lair:1   | 10572 ||| READING scroll of enchant armour.
 10572 | Lair:1   | 10572 ||| ENCHANTING +1 pair of gloves.
 10879 | Lair:1   | 10879 ||| DROPPING amulet of guardian spirit.
 10880 | Lair:1   | 10880 ||| UPGRADING to ring of protection from fire.
 10882 | Lair:1   | 10882 ||| UPGRADING to +6 ring of dexterity.
 10978 | Lair:2   | 10978 ||| Stepping ~*~*~tactically~*~*~ (stealth).
 11104 | Lair:2   | 11104 ||| INVOKING Heroism.
 11214 | Lair:2   | Reached skill level 12 in Axes
 11286 | Lair:2   | Reached skill level 6 in Invocations
 11333 | Lair:2   | Found a frozen archway.
 11448 | Lair:2   | Reached ***** piety under Okawaru
 11450 | Lair:2   | Received a gift from Okawaru
 11463 | Lair:2   | 11463 ||| FLEEEEING.
 11464 | Lair:2   | 11464 ||| FLEEEEING.
 11465 | Lair:2   | 11465 ||| FLEEEEING.
 11466 | Lair:2   | 11466 ||| FLEEEEING.
 11467 | Lair:2   | 11467 ||| FLEEEEING.
 11468 | Lair:2   | 11468 ||| FLEEEEING.
 11469 | Lair:2   | 11469 ||| FLEEEEING.
 11470 | Lair:2   | 11470 ||| FLEEEEING.
 11477 | Lair:2   | 11477 ||| FLEEEEING.
 11478 | Lair:2   | 11478 ||| FLEEEEING.
 11479 | Lair:2   | 11479 ||| FLEEEEING.
 11480 | Lair:2   | 11480 ||| FLEEEEING.
 11481 | Lair:2   | 11481 ||| FLEEEEING.
 11482 | Lair:2   | 11482 ||| FLEEEEING.
 11483 | Lair:2   | 11483 ||| FLEEEEING.
 11489 | Lair:2   | 11489 ||| FLEEEEING.
 11489 | Lair:2   | Found a hole to the Spider Nest.
 11490 | Lair:2   | 11490 ||| FLEEEEING.
 11491 | Lair:2   | 11491 ||| FLEEEEING.
 11492 | Lair:2   | 11492 ||| FLEEEEING.
 11493 | Lair:2   | 11493 ||| FLEEEEING.
 11494 | Lair:2   | 11494 ||| FLEEEEING.
 11618 | Lair:2   | Noticed a skyshark
 11637 | Lair:2   | Killed a skyshark
 11756 | Lair:2   | 11756 ||| READING scroll labelled ADIATR XURHIETH.
 11773 | Lair:3   | Found a staircase to the Swamp.
 11782 | Lair:3   | 11782 ||| FLEEEEING.
 11783 | Lair:3   | 11783 ||| FLEEEEING.
 11784 | Lair:3   | 11784 ||| FLEEEEING.
 11785 | Lair:3   | 11785 ||| STAIRDANCE
 11827 | Lair:3   | 11827 ||| STAIRDANCE
 11874 | Lair:3   | 11874 ||| STAIRDANCE
 11879 | Lair:2   | Reached XP level 13. HP: 72/82 MP: 18/18
 11880 | Lair:2   | Identified the +10 battleaxe of Oddirph {heavy, Will++
                  | Str+2 Int-5} (Okawaru gifted it to you on level 2 of the
                  | Lair of Beasts)
 11880 | Lair:2   | Received a gift from Okawaru
 11913 | Lair:3   | 11913 ||| STAIRDANCE
 12238 | Lair:3   | 12238 ||| INVOKING Heroism.
 12239 | Lair:3   | 12239 ||| INVOKING Finesse.
 12347 | Lair:3   | 12347 ||| INVOKING Heroism.
 12352 | Lair:3   | Reached skill level 9 in Invocations
 12483 | Lair:3   | 12483 ||| Stepping ~*~*~tactically~*~*~ (water).
 12512 | Lair:3   | 12512 ||| Stepping ~*~*~tactically~*~*~ (stealth).
 12513 | Lair:3   | 12513 ||| INVOKING Heroism.
 12787 | Lair:3   | 12787 ||| UPGRADING to +1 helmet.
 12797 | Lair:3   | 12797 ||| DROPPING +0 helmet.
 12921 | Lair:4   | 12921 ||| Stepping ~*~*~tactically~*~*~ (stealth).
 12924 | Lair:4   | 12924 ||| Stepping ~*~*~tactically~*~*~ (stealth).
 12942 | Lair:4   | Received a gift from Okawaru
 12956 | Lair:4   | 12956 ||| Stepping ~*~*~tactically~*~*~ (stealth).
 12957 | Lair:4   | 12957 ||| Stepping ~*~*~tactically~*~*~ (stealth).
 13276 | Lair:4   | 13276 ||| Stepping ~*~*~tactically~*~*~ (hiding).
 13456 | Lair:4   | 13456 ||| Stepping ~*~*~tactically~*~*~ (stealth).
 13462 | Lair:4   | 13462 ||| INVOKING Heroism.
 13561 | Lair:4   | 13561 ||| READING 6 scrolls of identify.
 13561 | Lair:4   | 13561 ||| IDENTIFYING bubbling orange potion
 13594 | Lair:5   | Entered Level 5 of the Lair of Beasts
 13594 | Lair:5   | Noticed Urug
 13595 | Lair:5   | 13595 ||| INVOKING Heroism.
 13609 | Lair:5   | Killed Urug
 13617 | Lair:5   | 13617 ||| Stepping ~*~*~tactically~*~*~ (stealth).
 13622 | Lair:5   | 13622 ||| INVOKING Heroism.
 13653 | Lair:5   | Found a runed translucent door.
 13654 | Lair:5   | Found a viscous altar of Jiyva.
 13660 | Lair:5   | 13660 ||| Stepping ~*~*~tactically~*~*~ (stealth).
 13690 | Lair:5   | 13690 ||| SWAPPING to +0 broad axe of freezing.
 13691 | Lair:5   | 13691 ||| DROPPING +3 war axe of electrocution.
 13787 | Lair:5   | 13787 ||| Stepping ~*~*~tactically~*~*~ (stealth).
 14041 | Lair:5   | Noticed a dire elephant
 14041 | Lair:5   | Noticed a dire elephant
 14041 | Lair:5   | Noticed a dire elephant
 14042 | Lair:5   | 14042 ||| INVOKING Heroism.
 14051 | Lair:5   | Reached skill level 9 in Armour
 14064 | Lair:5   | Killed a dire elephant
 14085 | Lair:5   | 14085 ||| FLEEEEING.
 14086 | Lair:5   | 14086 ||| FLEEEEING.
 14087 | Lair:5   | 14087 ||| FLEEEEING.
 14088 | Lair:5   | 14088 ||| FLEEEEING.
 14089 | Lair:5   | 14089 ||| FLEEEEING.
 14090 | Lair:5   | 14090 ||| FLEEEEING.
 14092 | Lair:5   | 14092 ||| FLEEEEING.
 14093 | Lair:5   | 14093 ||| FLEEEEING.
 14094 | Lair:5   | 14094 ||| FLEEEEING.
 14095 | Lair:5   | 14095 ||| FLEEEEING.
 14096 | Lair:5   | 14096 ||| FLEEEEING.
 14097 | Lair:5   | 14097 ||| FLEEEEING.
 14098 | Lair:5   | 14098 ||| FLEEEEING.
 14099 | Lair:5   | 14099 ||| FLEEEEING.
 14100 | Lair:5   | 14100 ||| FLEEEEING.
 14101 | Lair:5   | 14101 ||| FLEEEEING.
 14102 | Lair:5   | 14102 ||| FLEEEEING.
 14145 | Lair:5   | 14145 ||| INVOKING Heroism.
 14200 | Lair:5   | Found a staircase to the Slime Pits.
 14205 | Lair:5   | 14205 ||| INVOKING Heroism.
 14206 | Lair:5   | 14206 ||| INVOKING Finesse.
 14224 | Lair:5   | Gained mutation: Your large and strong wings let you fly.
                  | [Gargoyle growth]
 14224 | Lair:5   | Reached XP level 14. HP: 75/88 MP: 14/21
 14291 | Lair:5   | 14291 ||| INVOKING Heroism.
 14293 | Lair:5   | 14293 ||| INVOKING Finesse.
 14363 | Lair:5   | 14363 ||| INVOKING Heroism.
 14552 | Lair:5   | 14552 ||| Stepping ~*~*~tactically~*~*~ (stealth).
 14555 | Lair:5   | 14555 ||| Stepping ~*~*~tactically~*~*~ (hiding).
 14596 | Lair:5   | 14596 ||| Stepping ~*~*~tactically~*~*~ (stealth).
 14873 | Lair:5   | 14873 ||| INVOKING Heroism.
 15039 | Lair:5   | 15039 ||| INVOKING Heroism.
 15054 | Lair:5   | Killed a dire elephant
 15062 | Lair:5   | Killed a dire elephant
 15273 | Lair:5   | 15273 ||| INVOKING Heroism.
 15324 | Lair:5   | 15324 ||| INVOKING Heroism.
 15324 | Lair:5   | HP: 21/90 [sun demon[an obsidian statue] (9)]
 15324 | Lair:5   | HP: 5/90 [sun demon[an obsidian statue] (16)]
 15325 | Lair:5   | 15325 ||| READING 8 scrolls of teleportation.
 15326 | Lair:5   | 15326 ||| DRINKING 2 potions of heal wounds.
 15523 | Lair:5   | 15523 ||| Stepping ~*~*~tactically~*~*~ (stealth).
 15525 | Lair:5   | 15525 ||| Stepping ~*~*~tactically~*~*~ (stealth).
 15526 | Lair:5   | 15526 ||| Stepping ~*~*~tactically~*~*~ (stealth).
 15550 | Lair:5   | Noticed a dire elephant
 15551 | Lair:5   | 15551 ||| INVOKING Heroism.
 15562 | Lair:5   | Killed a dire elephant
 15564 | Lair:5   | 15564 ||| Stepping ~*~*~tactically~*~*~ (stealth).
 15592 | Lair:5   | 15592 ||| INVOKING Heroism.
 15729 | Lair:5   | Reached skill level 12 in Shields
 15741 | Lair:5   | 15741 ||| INVOKING Heroism.
 15865 | Lair:5   | Identified the staff of poison "Roabakut" {rPois rF+ rC-
                  | Int+7 Stlth+}
 15886 | Lair:5   | 15886 ||| Stepping ~*~*~tactically~*~*~ (hiding).
 15887 | Lair:5   | 15887 ||| Stepping ~*~*~tactically~*~*~ (hiding).
 15971 | Lair:5   | 15971 ||| INVOKING Heroism.
 16001 | Lair:5   | Reached skill level 6 in Throwing
 16063 | Lair:5   | 16063 ||| PLANNING D:1-11
 16063 | Lair:5   | 16063 ||| DROPPING +2 pair of gloves.
 16064 | Lair:5   | 16064 ||| READING 6 scrolls of identify.
 16064 | Lair:5   | 16064 ||| IDENTIFYING fizzy puce potion
 16065 | Lair:5   | 16065 ||| DROPPING potion of degeneration.
 16203 | D:11     | 16203 ||| Stepping ~*~*~tactically~*~*~ (stealth).
 16221 | D:11     | Received a gift from Okawaru
 16270 | D:11     | Found a runed translucent gate.
 16272 | D:11     | Found a runed translucent gate.
 16273 | D:11     | Found a runed translucent gate.
 16310 | D:11     | Noticed Tsarbomb's ghost (journeyman DsGl)
 16410 | D:11     | 16410 ||| Stepping ~*~*~tactically~*~*~ (stealth).
 16534 | D:11     | 16534 ||| PLANNING D
 16572 | D:12     | Found a portal to a secret trove of treasure.
 16656 | D:12     | 16656 ||| INVOKING Heroism.
 16897 | D:12     | 16897 ||| Stepping ~*~*~tactically~*~*~ (hiding).
 16903 | D:12     | 16903 ||| FLEEEEING.
 16904 | D:12     | 16904 ||| FLEEEEING.
 16905 | D:12     | 16905 ||| FLEEEEING.
 16906 | D:12     | 16906 ||| FLEEEEING.
 16998 | D:12     | 16998 ||| Stepping ~*~*~tactically~*~*~ (stealth).
 17148 | D:12     | 17148 ||| Stepping ~*~*~tactically~*~*~ (hiding).
 17150 | D:12     | 17150 ||| Stepping ~*~*~tactically~*~*~ (hiding).
 17298 | D:12     | Received a gift from Okawaru
 17456 | D:12     | 17456 ||| Stepping ~*~*~tactically~*~*~ (hiding).
 17529 | D:12     | 17529 ||| READING scroll of brand weapon.
 17529 | D:12     | 17529 ||| BRANDING +0 broad axe of freezing.
 17530 | D:12     | 17530 ||| DROPPING +0 eveningstar.
 17601 | D:12     | 17601 ||| Stepping ~*~*~tactically~*~*~ (hiding).
 17602 | D:12     | 17602 ||| Stepping ~*~*~tactically~*~*~ (hiding).
 17605 | D:12     | 17605 ||| Stepping ~*~*~tactically~*~*~ (hiding).
 17737 | D:12     | 17737 ||| INVOKING Heroism.
 17738 | D:12     | 17738 ||| READING 9 scrolls of teleportation.
 17744 | D:12     | Reached skill level 15 in Axes
 17998 | D:12     | 17998 ||| UPGRADING to amulet of reflection.
 18048 | D:13     | 18048 ||| INVOKING Heroism.
 18259 | D:13     | Noticed Erolcha
 18260 | D:13     | 18260 ||| INVOKING Heroism.
 18261 | D:13     | 18261 ||| INVOKING Finesse.
 18266 | D:13     | Killed Erolcha
 18347 | D:13     | Reached XP level 15. HP: 92/96 MP: 22/22
 18533 | D:13     | Reached skill level 12 in Fighting
 18555 | D:13     | Identified the staff of earth "Irail" {rPois rN+ Int+3
                  | Stlth-}
 18592 | D:13     | 18592 ||| Stepping ~*~*~tactically~*~*~ (hiding).
 18605 | D:13     | 18605 ||| INVOKING Heroism.
 18626 | D:13     | HP: 16/96 [demonic crawler (11)]
 18627 | D:13     | 18627 ||| READING 10 scrolls of teleportation.
 18628 | D:13     | 18628 ||| DRINKING potion of heal wounds.
 18631 | D:13     | 18631 ||| FLEEEEING.
 18632 | D:13     | 18632 ||| FLEEEEING.
 18633 | D:13     | 18633 ||| FLEEEEING.
 18634 | D:13     | 18634 ||| FLEEEEING.
 18635 | D:13     | 18635 ||| FLEEEEING.
 18636 | D:13     | 18636 ||| FLEEEEING.
 18637 | D:13     | 18637 ||| FLEEEEING.
 18638 | D:13     | 18638 ||| FLEEEEING.
 18639 | D:13     | 18639 ||| FLEEEEING.
 18640 | D:13     | 18640 ||| FLEEEEING.
 18641 | D:13     | 18641 ||| FLEEEEING.
 18642 | D:13     | 18642 ||| FLEEEEING.
 18643 | D:13     | 18643 ||| STAIRDANCE
 18789 | D:12     | 18789 ||| UPGRADING to +2 tower shield.
 18799 | D:12     | 18799 ||| DROPPING +0 kite shield.
 18800 | D:12     | 18800 ||| DROPPING +1 pair of gloves.
 18801 | D:12     | 18801 ||| DROPPING +2 pair of gloves.
 18830 | D:13     | 18830 ||| INVOKING Heroism.
 18880 | D:13     | 18880 ||| Stepping ~*~*~tactically~*~*~ (stealth).
 18882 | D:13     | 18882 ||| Stepping ~*~*~tactically~*~*~ (stealth).
 18886 | D:13     | 18886 ||| INVOKING Heroism.
 19033 | D:13     | 19033 ||| READING scroll of enchant weapon.
 19033 | D:13     | 19033 ||| ENCHANTING +0 broad axe of flaming.
 19058 | D:13     | Received a gift from Okawaru
 19187 | D:13     | 19187 ||| UPGRADING to ring of see invisible.
 19189 | D:13     | 19189 ||| UPGRADING to ring of protection from fire.
 19267 | D:14     | 19267 ||| INVOKING Heroism.
 19269 | D:14     | 19269 ||| READING 9 scrolls of teleportation.
 19392 | D:14     | Noticed Jorgrun
 19393 | D:14     | 19393 ||| Stepping ~*~*~tactically~*~*~ (hiding).
 19395 | D:14     | 19395 ||| INVOKING Heroism.
 19408 | D:14     | HP: 23/96 [constriction (3)]
 19409 | D:14     | 19409 ||| READING 8 scrolls of teleportation.
 19409 | D:14     | Killed Jorgrun
 19660 | Abyss:2  | Cast into level 2 of the Abyss (a wizard)
 19682 | Abyss:2  | Noticed a tentacled starspawn
 19683 | Abyss:2  | 19683 ||| Stepping ~*~*~tactically~*~*~ (hiding).
 19684 | Abyss:2  | 19684 ||| Stepping ~*~*~tactically~*~*~ (hiding).
 19692 | Abyss:2  | Killed a tentacled starspawn
 19721 | Abyss:2  | Found a corrupted altar of Lugonu.
 19733 | Abyss:2  | 19733 ||| Stepping ~*~*~tactically~*~*~ (stealth).
 19744 | D:14     | Escaped the Abyss
 19783 | D:14     | 19783 ||| Stepping ~*~*~tactically~*~*~ (hiding).
 19784 | D:14     | 19784 ||| Stepping ~*~*~tactically~*~*~ (hiding).
 20031 | D:14     | Noticed Nessos
 20032 | D:14     | 20032 ||| INVOKING Finesse.
 20038 | D:14     | Killed Nessos
 20038 | D:14     | Received a gift from Okawaru
 20051 | D:14     | 20051 ||| Stepping ~*~*~tactically~*~*~ (stealth).
 20055 | D:14     | 20055 ||| Stepping ~*~*~tactically~*~*~ (stealth).
 20100 | D:14     | 20100 ||| Stepping ~*~*~tactically~*~*~ (hiding).
 20181 | D:14     | 20181 ||| Stepping ~*~*~tactically~*~*~ (stealth).
 20183 | D:14     | 20183 ||| Stepping ~*~*~tactically~*~*~ (hiding).
 20184 | D:14     | 20184 ||| Stepping ~*~*~tactically~*~*~ (hiding).
 20185 | D:14     | 20185 ||| Stepping ~*~*~tactically~*~*~ (hiding).
 20298 | D:14     | Found a gate to the Vaults.
 20356 | D:14     | 20356 ||| Stepping ~*~*~tactically~*~*~ (hiding).
 20542 | D:14     | Noticed Azrael
 20543 | D:14     | 20543 ||| Stepping ~*~*~tactically~*~*~ (hiding).
 20548 | D:14     | 20548 ||| INVOKING Heroism.
 20549 | D:14     | 20549 ||| INVOKING Finesse.
 20572 | D:14     | Killed Azrael
 20583 | D:14     | Received a gift from Okawaru
 20916 | D:15     | Entered Level 15 of the Dungeon
 20918 | D:15     | 20918 ||| Stepping ~*~*~tactically~*~*~ (stealth).
 20919 | D:15     | 20919 ||| Stepping ~*~*~tactically~*~*~ (stealth).
 20942 | D:15     | 20942 ||| INVOKING Heroism.
 20944 | D:15     | Reached skill level 15 in Shields
 21077 | D:15     | Noticed Agnes
 21079 | D:15     | 21079 ||| INVOKING Heroism.
 21080 | D:15     | 21080 ||| INVOKING Finesse.
 21096 | D:15     | Killed Agnes
 21096 | D:15     | Received a gift from Okawaru
 21236 | D:15     | 21236 ||| Stepping ~*~*~tactically~*~*~ (hiding).
 21361 | D:15     | Paralysed by a great orb of eyes for 5 turns
 21367 | D:15     | 21367 ||| INVOKING Heroism.
 21506 | D:15     | Found a staircase to the Depths.
 21564 | D:15     | 21564 ||| Stepping ~*~*~tactically~*~*~ (hiding).
 21569 | D:15     | 21569 ||| Stepping ~*~*~tactically~*~*~ (hiding).
 21570 | D:15     | 21570 ||| INVOKING Heroism.
 21804 | D:15     | 21804 ||| INVOKING Heroism.
 22108 | D:15     | Found a sacrificial altar of Ru.
 22134 | D:15     | 22134 ||| PLANNING ORC
 22134 | D:15     | 22134 ||| UPGRADING to +0 pair of boots.
 22139 | D:15     | 22139 ||| DRINKING 2 silvery potions.
 22140 | D:15     | 22140 ||| DROPPING potion of invisibility.
 22281 | Orc:1    | Entered Level 1 of the Orcish Mines
 22448 | Orc:2    | Entered Level 2 of the Orcish Mines
 22459 | Orc:2    | 22459 ||| Stepping ~*~*~tactically~*~*~ (hiding).
 22460 | Orc:2    | 22460 ||| Stepping ~*~*~tactically~*~*~ (hiding).
 22489 | Orc:2    | 22489 ||| INVOKING Heroism.
 22490 | Orc:2    | 22490 ||| Stepping ~*~*~tactically~*~*~ (hiding).
 22650 | Orc:2    | Found a staircase to the Elven Halls.
 22689 | Orc:1    | Found Poky's Vocational Training.
 22842 | Orc:1    | Noticed an orc warlord
 22843 | Orc:1    | 22843 ||| INVOKING Heroism.
 22866 | Orc:1    | Killed an orc warlord
 22949 | Orc:1    | Noticed Snorg
 22952 | Orc:1    | 22952 ||| INVOKING Heroism.
 22961 | Orc:1    | Killed Snorg
 23215 | Orc:2    | 23215 ||| Stepping ~*~*~tactically~*~*~ (stealth).
 23217 | Orc:2    | 23217 ||| Stepping ~*~*~tactically~*~*~ (hiding).
 23220 | Orc:2    | 23220 ||| INVOKING Heroism.
 23222 | Orc:2    | 23222 ||| Stepping ~*~*~tactically~*~*~ (hiding).
 23229 | Orc:2    | Received a gift from Okawaru
 23233 | Orc:2    | 23233 ||| Stepping ~*~*~tactically~*~*~ (hiding).
 23236 | Orc:2    | 23236 ||| Stepping ~*~*~tactically~*~*~ (hiding).
 23259 | Orc:2    | 23259 ||| Stepping ~*~*~tactically~*~*~ (stealth).
 23280 | Orc:2    | 23280 ||| Stepping ~*~*~tactically~*~*~ (hiding).
 23281 | Orc:2    | 23281 ||| Stepping ~*~*~tactically~*~*~ (hiding).
 23282 | Orc:2    | 23282 ||| Stepping ~*~*~tactically~*~*~ (stealth).
 23283 | Orc:2    | 23283 ||| INVOKING Heroism.
 23305 | Orc:2    | Reached XP level 16. HP: 101/101 MP: 23/23
 23325 | Orc:2    | 23325 ||| Stepping ~*~*~tactically~*~*~ (hiding).
 23333 | Orc:2    | 23333 ||| Stepping ~*~*~tactically~*~*~ (hiding).
 23483 | Orc:2    | 23483 ||| Stepping ~*~*~tactically~*~*~ (hiding).
 23489 | Orc:2    | 23489 ||| INVOKING Heroism.
 23494 | Orc:2    | Found Hiw Fuimm's General Store.
 23533 | Orc:2    | Found Fesonan's Distillery.
 23537 | Orc:2    | 23537 ||| INVOKING Heroism.
 23542 | Orc:2    | Paralysed by an orc sorcerer for 4 turns
 23626 | Orc:2    | 23626 ||| BUYING 2 potions of might (96 gold).
 23626 | Orc:2    | Bought 2 potions of might for 96 gold pieces
 23626 | Orc:2    | 23626 ||| BUYING potion of curing (36 gold).
 23626 | Orc:2    | Bought a potion of curing for 36 gold pieces
 23626 | Orc:2    | 23626 ||| BUYING potion of haste (120 gold).
 23626 | Orc:2    | Bought a potion of haste for 120 gold pieces
 23626 | Orc:2    | 23626 ||| BUYING potion of heal wounds (60 gold).
 23626 | Orc:2    | Bought a potion of heal wounds for 60 gold pieces
 23626 | Orc:2    | 23626 ||| BUYING potion of heal wounds (60 gold).
 23626 | Orc:2    | Bought a potion of heal wounds for 60 gold pieces
 23626 | Orc:2    | 23626 ||| BUYING potion of lignification (36 gold).
 23626 | Orc:2    | Bought a potion of lignification for 36 gold pieces
 23626 | Orc:2    | 23626 ||| BUYING potion of might (48 gold).
 23626 | Orc:2    | Bought a potion of might for 48 gold pieces
 23626 | Orc:2    | 23626 ||| BUYING potion of mutation (96 gold).
 23626 | Orc:2    | Bought a potion of mutation for 96 gold pieces
 23739 | Orc:2    | 23739 ||| Stepping ~*~*~tactically~*~*~ (stealth).
 23750 | Orc:2    | 23750 ||| Stepping ~*~*~tactically~*~*~ (stealth).
 23756 | Orc:2    | 23756 ||| Stepping ~*~*~tactically~*~*~ (hiding).
 23758 | Orc:2    | 23758 ||| INVOKING Heroism.
 23761 | Orc:2    | Found Ziemutuf's General Store.
 23778 | Orc:2    | 23778 ||| BUYING potion of haste (150 gold).
 23778 | Orc:2    | Bought a potion of haste for 150 gold pieces
 23778 | Orc:2    | 23778 ||| BUYING potion of heal wounds (75 gold).
 23778 | Orc:2    | Bought a potion of heal wounds for 75 gold pieces
 23783 | Orc:2    | Found Taxaol Ace's Antique Armour Shoppe.
 23900 | Orc:2    | 23900 ||| BUYING shiny plate armour (728 gold).
 23900 | Orc:2    | Bought a shiny plate armour for 728 gold pieces
 24025 | Orc:2    | 24025 ||| PLANNING SPIDER:1-3
 24137 | Spider:1 | Entered Level 1 of the Spider Nest
 24285 | Spider:1 | 24285 ||| Stepping ~*~*~tactically~*~*~ (stealth).
 24314 | Spider:1 | 24314 ||| INVOKING Heroism.
 24326 | Spider:1 | 24326 ||| Stepping ~*~*~tactically~*~*~ (stealth).
 24342 | Spider:1 | 24342 ||| Stepping ~*~*~tactically~*~*~ (stealth).
 24353 | Spider:1 | Received a gift from Okawaru
 24387 | Spider:1 | 24387 ||| INVOKING Heroism.
 24596 | Spider:1 | Noticed Louise
 24597 | Spider:1 | 24597 ||| Stepping ~*~*~tactically~*~*~ (hiding).
 24598 | Spider:1 | 24598 ||| Stepping ~*~*~tactically~*~*~ (hiding).
 24601 | Spider:1 | 24601 ||| INVOKING Heroism.
 24620 | Spider:1 | 24620 ||| Stepping ~*~*~tactically~*~*~ (hiding).
 24631 | Spider:1 | Killed Louise
 24722 | Spider:1 | 24722 ||| Stepping ~*~*~tactically~*~*~ (stealth).
 24746 | Spider:1 | 24746 ||| Stepping ~*~*~tactically~*~*~ (stealth).
 24751 | Spider:1 | 24751 ||| Stepping ~*~*~tactically~*~*~ (stealth).
 24833 | Spider:1 | 24833 ||| Stepping ~*~*~tactically~*~*~ (stealth).
 24843 | Spider:1 | 24843 ||| INVOKING Heroism.
 24857 | Spider:1 | 24857 ||| Stepping ~*~*~tactically~*~*~ (stealth).
 24858 | Spider:1 | 24858 ||| Stepping ~*~*~tactically~*~*~ (stealth).
 24961 | Spider:1 | Identified the ring "Iptaogha" {rPois Will+ Dex+3 Slay+4}
 25130 | Spider:1 | 25130 ||| Stepping ~*~*~tactically~*~*~ (hiding).
 25231 | Spider:1 | Noticed Josephine
 25246 | Spider:1 | 25246 ||| INVOKING Heroism.
 25251 | Spider:1 | Killed Josephine
 25425 | Spider:1 | 25425 ||| DRINKING 2 potions of cancellation.
 25426 | Spider:1 | 25426 ||| INVOKING Heroism.
 25580 | Spider:1 | 25580 ||| Stepping ~*~*~tactically~*~*~ (stealth).
 25583 | Spider:1 | 25583 ||| INVOKING Heroism.
 25584 | Spider:1 | 25584 ||| Stepping ~*~*~tactically~*~*~ (hiding).
 25608 | Spider:1 | HP: 20/93 [jumping spider[a jorogumo] (7)]
 25609 | Spider:1 | 25609 ||| READING 7 scrolls of teleportation.
 25609 | Spider:1 | HP: 9/90 [jorogumo/bolt of negative energy (11)]
 25610 | Spider:1 | 25610 ||| DRINKING 4 potions of heal wounds.
 25611 | Spider:1 | 25611 ||| UPGRADING to ring "Iptaogha" {rPois Will+ Dex+3
                  | Slay+4}.
 25613 | Spider:1 | 25613 ||| DRINKING 3 potions of heal wounds.
 25638 | Spider:1 | 25638 ||| Stepping ~*~*~tactically~*~*~ (stealth).
 25987 | Spider:1 | 25987 ||| DROPPING +2 ring of protection.
 25988 | Spider:1 | 25988 ||| UPGRADING to ring of see invisible.
 26059 | Spider:2 | 26059 ||| Stepping ~*~*~tactically~*~*~ (stealth).
 26071 | Spider:2 | 26071 ||| INVOKING Heroism.
 26343 | Spider:2 | 26343 ||| INVOKING Heroism.
 26474 | Spider:2 | 26474 ||| INVOKING Heroism.
 26481 | Spider:2 | HP: 14/101 [wolf spider (14)]
 26482 | Spider:2 | 26482 ||| READING 6 scrolls of teleportation.
 26483 | Spider:2 | 26483 ||| DRINKING 2 potions of heal wounds.
 26483 | Spider:2 | Blown up by an orb spider

Levels and vault maps discovered:
D:1:      amcnicky_arrival_underground_garden, layout_loops_cross,
          chequers_serial_rivers_small_b
D:2:      layout_rooms, serial_shops, shop, minmay_circled_x
D:3:      layout_loops_ring
D:4:      layout_layer_cave, nemelex_dance_club_becter, uniq_eustachio,
          uniq_pargi
D:5:      layout_cave_pools, nicolae_shop_unique_rings, uniq_blork_the_orc
D:6:      layout_loops_ring, pdpol_temple_overflow_zin_treasury_gozag_greed,
          ebering_ghost_disaster_area, amcnicky_altar_lugonu_corruption
D:7:      layout_loops_corners, minmay_temple_entry_mist,
          ebering_ghost_disaster_area, minivault_19, uniq_duvessa
D:8:      layout_basic, chequers_serial_rivers_micro_e,
          david_defended_altar_orc, uniq_prince_ribbit1, uniq_maurice
D:9:      minmay_weird_star, layout_irregular_city, lemuel_tele_altar,
          serial_shops, kennysheep_mini, minmay_joined_circles, uniq_joseph
D:10:     layout_layer_cave, hellmonk_guarded_unrand_lears, uniq_maggie
D:11:     layout_basic, lair_entry_dummy, orc_0_dummy,
          maelrawn_ghost_gauntlet_escape, gauntlet_entry_generic
D:12:     layout_loops_corners, enter_trove_0
D:13:     layout_gridville, worms_lemuel, uniq_erolcha
D:14:     layout_irregular_city, david_vaults_2, uniq_jorgrun, uniq_nessos,
          uniq_azrael
D:15:     hangedman_depths_entry_try_elsewhere_first, layout_irregular_city,
          nicolae_ru_path_of_blood, uniq_agnes
Temple:   hc_temple_tempest_star
Lair:1:   dreamdust_labyrinth, layout_regular_city,
          gammafunk_ghost_berserking_beasts, chequers_serial_rivers_micro_c,
          hangedman_tree_tricks
Lair:2:   layout_regular_city, nicolae_spider_entry_non_spiders,
          portal_ice_cave_demonic_guard, grunt_megastairs_4,
          serial_bayou_shore_b
Lair:3:   layout_gridlike, skrybe_swamp_entry_bodies, dpeg_oklob_1,
          serial_bayou_shore_a
Lair:4:   layout_loops_ring, minivault_11
Lair:5:   due_jungle_book, layout_small_grid, slime_entry_2,
          infiniplex_staircase_pool, uniq_urug
Spider:1: cheibrodos_forgotten_conduit, drop_trap, uniq_josephine, uniq_louise
Spider:2: layout_spider_delve, gammafunk_ghost_necromancy,
          nicolae_spider_cling_halls
Orc:1:    layout_diamond_mine, nicolae_shop_vocational, uniq_snorg
Orc:2:    st_orc_town, layout_caves

Skill      XL: |  1  2  3  4  5  6  7  8  9 10 11 12 13 14 15 16 |
---------------+-------------------------------------------------+-----
Axes           | 2 3 4 5 6 7 8 9 10 11 12 13 15 16 | 16.0
Fighting       | 4 5 6 7 9 10 11 12 | 12.0
Dodging        | 1 2 3 4 |  4.0
Throwing       | 1 3 4 5 6 |  6.1
Armour         | 4 5 6 8 9 10 | 10.7
Shields        | 6 9 10 11 12 16 | 16.9
Invocations    | 2 4 7 10 | 10.0

Action                     |  1- 3 |  4- 6 |  7- 9 | 10-12 | 13-15 | 16-18 || total
---------------------------+-------+-------+-------+-------+-------+-------++-------
  Melee: War axe           |   124 |   115 |   252 |   488 |   163 |       ||  1142
         Broad axe         |       |       |       |       |   993 |   338 ||  1331
  Throw: Boomerang         |     3 |    30 |    54 |    45 |    17 |    17 ||   166
         Javelin           |       |       |       |    32 |   166 |    43 ||   241
 Invoke: Heroism           |       |       |     2 |    22 |    39 |    13 ||    76
         Finesse           |       |       |       |       |     7 |       ||     7
    Use: Scroll            |     7 |     7 |     7 |    10 |     9 |     2 ||    42
         Potion            |       |       |     3 |     3 |     3 |     4 ||    13
   Stab: Distracted        |       |       |       |       |     1 |       ||     1
 Armour: Scale mail        |    36 |       |       |       |       |       ||    36
         Chain mail        |    40 |   105 |   182 |   115 |       |       ||   442
         Plate armour      |       |       |       |    94 |       |       ||    94
         Ice dragon scales |       |       |       |   106 |   426 |   171 ||   703
  Dodge: Dodged            |    48 |    77 |    82 |   139 |   288 |    75 ||   709
  Block: Buckler           |    13 |    30 |    46 |     6 |       |       ||    95
         Kite shield       |       |       |       |   273 |   406 |       ||   679
         Reflection        |       |       |       |       |    42 |     4 ||    46
         Tower shield      |       |       |       |       |   382 |   373 ||   755

Table legend:
 A = Non-vault XP
 B = Vault XP
 C = Vault XP percentage of total XP
 D = Non-vault monster count
 E = Vault monster count
 F = Vault count percentage of total count
                 A         B        C        D         E       F
            +---------+---------+-------+---------+---------+-------
      Total |   99681 |   58867 |  37.1 |     506 |     188 |  27.1
            +---------+---------+-------+---------+---------+-------
        D:1 |      25 |       0 |   0.0 |      15 |       0 |   0.0
        D:2 |      50 |       5 |   9.1 |      23 |       4 |  14.8
        D:3 |      25 |       0 |   0.0 |       8 |       0 |   0.0
        D:4 |     194 |     342 |  63.8 |      24 |       4 |  14.3
        D:5 |     816 |     100 |  10.9 |      29 |       1 |   3.3
        D:6 |     996 |       0 |   0.0 |      22 |       0 |   0.0
        D:7 |     457 |     211 |  31.6 |       9 |       2 |  18.2
        D:8 |    1100 |     871 |  44.2 |      27 |       5 |  15.6
        D:9 |    2056 |    3395 |  62.3 |      15 |      18 |  54.5
       D:10 |    2530 |    1229 |  32.7 |      18 |       2 |  10.0
       D:11 |    5274 |       0 |   0.0 |      16 |       0 |   0.0
       D:12 |    8545 |       0 |   0.0 |      29 |       0 |   0.0
       D:13 |    5367 |    2051 |  27.6 |      14 |       6 |  30.0
       D:14 |    9570 |    6784 |  41.5 |      26 |      12 |  31.6
       D:15 |    6926 |    4625 |  40.0 |      16 |       5 |  23.8
     Lair:1 |    3851 |    1062 |  21.6 |      14 |       2 |  12.5
     Lair:2 |    5915 |     971 |  14.1 |      24 |      10 |  29.4
     Lair:3 |    4921 |    3572 |  42.1 |      25 |       6 |  19.4
     Lair:4 |    4799 |       0 |   0.0 |      14 |       0 |   0.0
     Lair:5 |   12112 |   16303 |  57.4 |      35 |      30 |  46.2
   Spider:1 |    8171 |    8024 |  49.5 |      19 |      18 |  48.6
   Spider:2 |    8387 |       0 |   0.0 |      22 |       0 |   0.0
      Orc:1 |    3288 |     959 |  22.6 |      23 |       1 |   4.2
      Orc:2 |    2565 |    6750 |  72.5 |      37 |      59 |  61.5
    Abyss:2 |    1741 |       0 |   0.0 |       2 |       0 |   0.0
   Gauntlet |       0 |    1613 | 100.0 |       0 |       3 | 100.0
            +---------+---------+-------+---------+---------+-------
